 Dungeon Crawl Stone Soup version 0.29.1-15-g9cfb28693d (webtiles) character file.

Game seed: 4723566938886812209

47 monke the Shield-Bearer (level 3, -2/35 HPs)
             Began as a Gnoll Fighter on Mar 27, 2023.
             Slain by a +3 great sword of electrocution (8 damage)
             ... created by the rancor of the Wu Jian Council
             ... on level 2 of the Dungeon.
             The game lasted 00:03:00 (1171 turns).

monke the Shield-Bearer (Gnoll Fighter)             Turns: 1171, Time: 00:03:01

Health: -2/35      AC:  7    Str: 17    XL:     3   Next: 70%
Magic:  4/4        EV:  9    Int:  7    God:
Gold:   65         SH:  5    Dex: 11    Spells: 4/4 levels left

rFire   . . .      SeeInvis .   a - +0 long sword
rCold   . . .      Faith    .   c - +0 buckler
rNeg    . . .      Spirit   .   b - +0 scale mail
rPois   .          Reflect  .   (no helmet)
rElec   .          Harm     .   (no cloak)
rCorr   .          Rampage  .   (no gloves)
Will    .....                   (no boots)
Stlth   ..........              (no amulet)
HPRegen 0.11/turn               (no ring)
MPRegen 0.09/turn               (no ring)

@: no status effects
A: fangs 1, strong nose, distributed training
a: no special abilities


You were on level 2 of the Dungeon.
You visited 1 branch of the dungeon, and saw 2 of its levels.

You collected 65 gold pieces.

Inventory:

Hand Weapons
 a - a +0 long sword (weapon)
 g - a +0 mace
 i - a +0 spear
Armour
 b - a +0 scale mail (worn)
 c - a +0 buckler (worn)
Scrolls
 e - a scroll of fog {unknown}
 f - a scroll of brand weapon {unknown}
 h - a scroll of fear {unknown}
 j - a scroll of immolation {unknown}
Potions
 d - a potion of might


   Skills:
 + Level 6.5 Fighting
 + Level 1.0 Short Blades
 + Level 4.6 Long Blades
 + Level 1.0 Axes
 + Level 1.0 Maces & Flails
 + Level 1.0 Polearms
 + Level 1.0 Staves
 + Level 1.0 Ranged Weapons
 + Level 1.0 Throwing
 + Level 6.5 Armour
 + Level 1.0 Dodging
 + Level 1.0 Stealth
 + Level 6.5 Shields
 + Level 1.0 Unarmed Combat
 + Level 1.0 Spellcasting
 + Level 0.7 Conjurations
 + Level 0.7 Hexes
 + Level 0.7 Summonings
 + Level 0.7 Necromancy
 + Level 0.7 Translocations
 + Level 0.7 Transmutations
 + Level 0.7 Fire Magic
 + Level 0.7 Ice Magic
 + Level 0.7 Air Magic
 + Level 0.7 Earth Magic
 + Level 0.7 Poison Magic
 + Level 1.0 Invocations
 + Level 1.0 Evocations


You had 4 spell levels left.
You didn't know any spells.
Your spell library was empty.

Dungeon Overview and Level Annotations

Branches:
Dungeon (2/15)

Altars:
Wu Jian


Innate Abilities, Weirdness & Mutations

You have very sharp teeth.
Your uncanny sense of smell can sniff out nearby items.
Your experience applies equally to all skills.


Message History

You closely miss the hobgoblin.
You bite the hobgoblin, but do no damage.
You block the hobgoblin's attack.
You barely miss the hobgoblin. The hobgoblin barely misses you.
You hit the hobgoblin.
The hobgoblin is lightly wounded.
The hobgoblin hits you but does no damage.
You closely miss the hobgoblin.
The hobgoblin is lightly wounded.
The hobgoblin closely misses you.
You closely miss the hobgoblin.
The hobgoblin is lightly wounded.
The hobgoblin hits you but does no damage.
You block the hobgoblin's attack.
You slash the hobgoblin!
You kill the hobgoblin!
No target in view!
No target in view!
Sifu Xiang Ba whispers: Nowhere to run...
A +3 great sword of electrocution and 2 +1 rapiers of electrocution come into view.
There is a +1 rapier of electrocution.
There is a +1 rapier of electrocution.
There are monsters nearby!
There are monsters nearby!
You slash the +1 rapier of electrocution!
You destroy the +1 rapier of electrocution!
That felt strangely unrewarding.
You barely miss the +3 great sword of electrocution.
The +3 great sword of electrocution hits you!
You block the +1 rapier of electrocution's attack.
You hit the +3 great sword of electrocution but do no damage.
You bite the +3 great sword of electrocution, but do no damage.
You feel yourself speed up.
The +3 great sword of electrocution hits you.
You block the +1 rapier of electrocution's attack.
You barely miss the +3 great sword of electrocution.
The +1 rapier of electrocution hits you but does no damage.
You are electrocuted!
* * * LOW HITPOINT WARNING * * *
The +3 great sword of electrocution hits you!
You die...

.####.......
...........#
......##.#.###
....>.......
.....#.#.######
.######............
.......†........###
.........(@(.......
∆
#######.#######.###
..#..............
..........#######
..#.####..# #..#
####..#######
#.#...........#
#.^.....###.###


You could see 2 dancing weapons.

Vanquished Creatures
  A dancing weapon (D:2)
  An adder (D:2)
  An orc (D:2)
  4 endoplasms (D:1)
  2 giant cockroaches (D:1)
  3 goblins (D:1)
  6 hobgoblins
  5 ball pythons (D:1)
  4 bats (D:1)
  A frilled lizard (D:2)
  5 kobolds
  A rat (D:1)
34 creatures vanquished.

Notes
Turn   | Place    | Note
-------+----------+-------------------------------------------
     0 | D:1      | monke the Gnoll Fighter began the quest for the Orb.
     0 | D:1      | Reached XP level 1. HP: 23/23 MP: 1/1
   181 | D:1      | Reached XP level 2. HP: 25/29 MP: 2/2
   615 | D:1      | Reached XP level 3. HP: 35/35 MP: 3/3
   988 | D:2      | Found a faded altar of an unknown god.
  1001 | D:2      | Prayed at the altar of an unknown god.
  1001 | D:2      | Became a worshipper of the Wu Jian Council
  1001 | D:2      | Reached * piety under Wu Jian
  1035 | D:2      | Reached skill level 1 in Invocations
  1149 | D:2      | Reached skill level 1 in Short Blades
  1149 | D:2      | Reached skill level 1 in Axes
  1149 | D:2      | Reached skill level 1 in Maces & Flails
  1149 | D:2      | Reached skill level 1 in Polearms
  1149 | D:2      | Reached skill level 1 in Staves
  1149 | D:2      | Reached skill level 1 in Ranged Weapons
  1149 | D:2      | Reached skill level 1 in Throwing
  1149 | D:2      | Reached skill level 1 in Dodging
  1149 | D:2      | Reached skill level 1 in Stealth
  1149 | D:2      | Reached skill level 1 in Unarmed Combat
  1149 | D:2      | Reached skill level 1 in Spellcasting
  1149 | D:2      | Reached skill level 1 in Evocations
  1149 | D:2      | Fell from the grace of Wu Jian
  1167 | D:2      | Noticed a +1 rapier of electrocution
  1167 | D:2      | Noticed a +3 great sword of electrocution
  1167 | D:2      | Noticed a +1 rapier of electrocution
  1167 | D:2      | Killed a +1 rapier of electrocution
  1171 | D:2      | Slain by a +3 great sword of electrocution

Illustrated notes

Levels and vault maps discovered:
D:1:      saegor_arrival_fortress, layout_loops_ring, grunt_decor_junction,
          minmay_statues_item
D:2:      layout_basic, serial_shops, nicolae_shop_competitors_out_of_business,
          nicolae_ecumenical_pavilion

Skill      XL: |  1  2  3 |
---------------+----------+-----
Invocations    | 1 |  1.0
Short Blades   | 1 |  1.0
Axes           | 1 |  1.0
Maces & Flails | 1 |  1.0
Polearms       | 1 |  1.0
Staves         | 1 |  1.0
Ranged Weapons | 1 |  1.0
Throwing       | 1 |  1.0
Dodging        | 1 |  1.0
Stealth        | 1 |  1.0
Unarmed Combat | 1 |  1.0
Spellcasting   | 1 |  1.0
Evocations     | 1 |  1.0
Fighting       | |  6.5
Long Blades    | |  4.6
Armour         | |  6.5
Shields        | |  6.5
Conjurations   | |  0.7
Hexes          | |  0.7
Summonings     | |  0.7
Necromancy     | |  0.7
Translocations | |  0.7
Transmutations | |  0.7
Fire Magic     | |  0.7
Ice Magic      | |  0.7
Air Magic      | |  0.7
Earth Magic    | |  0.7
Poison Magic   | |  0.7

Action                   || total
-------------------------++-------
Melee: Long sword        ||    90
       Bite              ||     8
Invok: Lunge             ||     2
       Renounce Religion ||     1
Armor: Scale mail        ||    50
Dodge: Dodged            ||    37
Block: Buckler           ||    27
